 Dungeon Crawl Stone Soup version 0.30-a0-956-gcec3b41aec (webtiles) character file.

Game seed: 13526935949004446626

8796 dredge the Severer (level 11, 0/97 HPs)
             Began as a Hill Orc Fighter on Mar 29, 2023.
             Was an Elder of Trog.
             Slain by a cane toad (16 damage)
             ... on level 1 of the Lair of Beasts.
             The game lasted 00:36:01 (7879 turns).

dredge the Severer (Hill Orc Fighter)               Turns: 7879, Time: 00:36:01

Health: 0/97       AC: 17    Str: 22    XL:     11   Next: 36%
Magic:  11/11      EV: 18    Int:  8    God:    Trog [****..]
Gold:   536        SH:  9    Dex: 18    Spells: 10/10 levels left

rFire   . . .      SeeInvis .    G - +7 war axe
rCold   + + +      Faith    +    o - +3 buckler
rNeg    . . .      Spirit   .    m - +3 ring mail of Death's Door {-Cast rElec rC+++ Will++}
rPois   .          Reflect  .    (no helmet)
rElec   +          Rampage  .    i - +2 cloak
rCorr   .          NoCast   +    c - +2 pair of gloves
Will    ++...                    v - +0 pair of boots
Stlth   +                        l - amulet of faith
HPRegen 0.36/turn                I - +6 ring of dexterity
MPRegen 0.12/turn                f - +5 ring of evasion

@: lethally poisoned (0 -> -18)
A: no striking features
a: Renounce Religion, Berserk, Trog's Hand, Brothers in Arms


You were on level 1 of the Lair of Beasts.
You worshipped Trog.
Trog was greatly pleased with you.
You visited 2 branches of the dungeon, and saw 9 of its levels.

You collected 536 gold pieces.

Inventory:

Hand Weapons
 a - a +2 trident of flaming
 h - the +2 dagger of Joyful Slaughter {venom, rC+}
   (You found it on level 4 of the Dungeon)

   rC:        It protects you from cold.
 G - a +7 war axe (weapon)
 J - a +0 scimitar of flaming
Missiles
 g - 2 throwing nets
 w - a curare-tipped dart (quivered)
Armour
 c - a +2 pair of gloves (worn)
 i - a +2 cloak (worn)
 k - an orb of mayhem
 m - the +3 ring mail of Death's Door (worn) {-Cast rElec rC+++ Will++}
   (You found it on level 3 of the Dungeon)

   rC:        It renders you almost immune to cold.
   rElec:     It insulates you from electricity.
   -Cast:     It prevents spellcasting.
   Will:      It greatly increases your willpower.
 o - a +3 buckler (worn)
 v - a +0 pair of boots (worn)
Jewellery
 e - a ring of see invisible
 f - a +5 ring of evasion (right hand)
 l - an amulet of faith (around neck)
 F - a ring of magical power
 I - a +6 ring of dexterity (left hand)
Wands
 y - a wand of mindburst (19)
 z - a wand of paralysis (2)
 H - a wand of digging (7)
Scrolls
 j - 4 scrolls of teleportation
 p - a scroll of magic mapping
 r - 3 scrolls of enchant armour
 s - a scroll of poison
 u - a scroll of immolation
 x - 2 scrolls of vulnerability
 A - a scroll of fog
 B - 2 scrolls of fear
 E - 4 scrolls of blinking
Potions
 b - a potion of lignification {unknown}
 d - 2 potions of might
 n - 4 potions of curing
 q - 4 potions of attraction
 D - a potion of haste {unknown}


   Skills:
 + Level 9.6 Fighting
 + Level 15.4 Axes
 + Level 7.0 Armour
 + Level 4.5 Dodging
 + Level 1.7 Stealth
 + Level 7.4 Shields


You had 10 spell levels left.
You didn't know any spells.
Your spell library contained the following spells:

 Spells                   Type           Power      Damage    Failure   Level
 Necrotise                Necr           0%         1d4       63%         1
 Shock                    Conj/Air       0%         1d3       63%         1
 Ensorcelled Hibernation  Hex/Ice        0%         N/A       77%         2
 Passwall                 Tmut/Erth      0%         N/A       77%         2
 Sublimation of Blood     Necr           0%         N/A       77%         2
 Gell's Gravitas          Tloc           0%         N/A       94%         3
 Swiftness                Air            0%         N/A       94%         3
 Teleport Other           Tloc           0%         N/A       94%         3
 Vampiric Draining        Necr           0%         2d6       94%         3
 Airstrike                Air            0%         2d(0-16)  100%        4
 Petrify                  Tmut/Erth      0%         N/A       100%        4
 Agony                    Necr           0%         N/A       100%        5
 Irradiate                Conj/Tmut      0%         3d11      100%        5
 Dispersal                Tloc           0%         N/A       100%        6


Dungeon Overview and Level Annotations

Branches:
Dungeon (8/15)             Temple (0/1) D:4            Lair (1/5) D:8

Altars:
Cheibriados
Elyvilon
Hepliaklqana
Nemelex Xobeh
Trog
Vehumet
Yredelemnul

Shops:
D:7 *!=


Message History

You closely miss the cane toad.
The cane toad is lightly wounded.
The cane toad barely misses you.
You slash the cane toad!
The cane toad is moderately wounded.
The cane toad closely misses you.
You slash the cane toad!
The cane toad is severely wounded.
The cane toad stings you!
* * * LOW HITPOINT WARNING * * *
You barely miss the cane toad.
The cane toad is severely wounded.
The cane toad stings you but does no damage.
You slash the cane toad!
The cane toad is almost dead.
You block the cane toad's attack.
You slash the cane toad!
You kill the cane toad!
Trog accepts your kill.
You see here a cane toad corpse.
The cane toad croaks.
You block the cane toad's attack.
You slash the cane toad!
The cane toad is moderately wounded.
You block the cane toad's attack.
You hit the cane toad but do no damage.
The cane toad is moderately wounded.
The cane toad completely misses you.
You hit the cane toad but do no damage.
The cane toad is moderately wounded.
The cane toad stings you!
* * * LOW HITPOINT WARNING * * *
You are lethally poisoned!
The cane toad poisons you!
You slash the cane toad!
The cane toad is heavily wounded.
* * * LOW HITPOINT WARNING * * *
You feel very sick. The cane toad stings you!
You die...

...# ##..#.†.†.#...
.8... ####.#....#.††....
.....##.8.#....####.....
..F...........##..#.....
.>.8....>.8###... ##....
...........#...# ##..†..
.....##.8.##...###..##..
.8. ###F###.........###.
. #..@#..†..#...#P# #.
#.........#...#####.
#...#..........^....
#...#.....#.........
#....+.....#.........
##...#.....#.........
....##.P###.........
.....................
..................##.#


You could see a cane toad.

Vanquished Creatures
  Erica (D:8)
  4 elephants (Lair:1)
  A cane toad (Lair:1)
  3 komodo dragons (Lair:1)
  2 hornets (D:8)
  6 yaks
  4 wyverns
  5 water moccasins
  4 sky beasts (D:7)
  An orc warrior (D:7)
  An ice beast (D:7)
  2 ogres
  A wolf (Lair:1)
  2 centaurs
  2 kobold brigands
  6 bullfrogs
  5 scorpions
  2 gnoll sergeants
  7 wights (D:7)
  A hound (D:5)
  3 jellies
  An orc priest (D:5)
  Ijyb (D:3)
  A scorpion zombie (D:3)
  4 iguanas
  6 orc wizards
  12 gnolls
  5 adders
  An ufetubus (D:5)
  An adder zombie (D:3)
  2 dart slugs
  32 orcs
  8 endoplasms
  5 giant cockroaches
  7 goblins
  3 hobgoblins
  2 jackals (D:4)
  A quokka (D:4)
  12 ball pythons
  6 bats
  7 frilled lizards
  14 kobolds
  2 quokka zombies (D:3)
  A rat (D:1)
197 creatures vanquished.

Vanquished Creatures (collateral kills)
  A wyvern (D:8)
  2 water moccasins (D:8)
  A wight (D:7)
  An orc wizard (D:8)
5 creatures vanquished.

Vanquished Creatures (others)
  A fungus (D:8)
  3 plants (D:8)
4 creatures vanquished.

Grand Total: 206 creatures vanquished

Notes
Turn   | Place    | Note
-------+----------+-------------------------------------------
     0 | D:1      | dredge the Hill Orc Fighter began the quest for the Orb.
     0 | D:1      | Reached XP level 1. HP: 19/19 MP: 1/1
    55 | D:1      | Reached XP level 2. HP: 24/27 MP: 2/2
   406 | D:1      | Reached skill level 3 in Axes
   493 | D:1      | Reached XP level 3. HP: 32/33 MP: 3/3
   503 | D:1      | You fall into a shaft and drop 1 floor!
   909 | D:2      | Found a snail-covered altar of Cheibriados.
  1604 | D:3      | Reached XP level 4. HP: 32/40 MP: 4/4
  1695 | D:3      | Reached skill level 4 in Axes
  1695 | D:3      | Found a basalt altar of Yredelemnul.
  1831 | D:3      | Identified the +3 ring mail of Death's Door {-Cast rElec
                  | rC+++ Will++}
  2088 | D:3      | Found a sparkling altar of Nemelex Xobeh.
  2259 | D:3      | Noticed Ijyb
  2268 | D:3      | Killed Ijyb
  2269 | D:3      | Reached skill level 5 in Axes
  2269 | D:3      | Reached XP level 5. HP: 44/46 MP: 5/5
  2794 | D:4      | Reached skill level 1 in Dodging
  2797 | D:4      | Reached XP level 6. HP: 45/53 MP: 6/6
  3234 | D:4      | Found a radiant altar of Vehumet.
  3237 | D:4      | Found a bloodstained altar of Trog.
  3240 | D:4      | Found a hazy altar of Hepliaklqana.
  3253 | D:4      | Identified the +2 dagger of Joyful Slaughter {venom, rC+}
  3268 | D:4      | Reached skill level 6 in Axes
  3307 | D:4      | Found a staircase to the Ecumenical Temple.
  3443 | D:5      | Entered Level 5 of the Dungeon
  3545 | D:4      | Became a worshipper of Trog the Wrathful
  3749 | D:5      | Reached XP level 7. HP: 52/60 MP: 7/7
  3776 | D:5      | Noticed a wyvern
  3787 | D:5      | Killed a wyvern
  3788 | D:5      | Reached skill level 5 in Fighting
  3788 | D:5      | Reached skill level 7 in Axes
  3894 | D:5      | Reached skill level 5 in Armour
  4156 | D:5      | Reached XP level 8. HP: 51/68 MP: 8/8
  4255 | D:5      | Reached skill level 8 in Axes
  4346 | D:5      | Found a white marble altar of Elyvilon.
  4477 | D:5      | Reached * piety under Trog
  4746 | D:6      | Reached skill level 9 in Axes
  4864 | D:6      | Reached skill level 5 in Shields
  5623 | D:7      | Reached skill level 10 in Axes
  5694 | D:7      | Found Nehebewk's Jewellery Shop.
  5747 | D:7      | Reached XP level 9. HP: 75/75 MP: 9/9
  5774 | D:7      | Reached skill level 11 in Axes
  6027 | D:7      | Reached ** piety under Trog
  6346 | D:7      | Reached skill level 1 in Stealth
  6361 | D:7      | Found Gaopet's General Store.
  6547 | D:7      | Reached skill level 12 in Axes
  6715 | D:7      | Found Siatsin's Distillery.
  6800 | D:8      | Noticed a hornet
  6809 | D:8      | Killed a hornet
  6962 | D:8      | Noticed a hornet
  6968 | D:8      | Paralysed by a hornet for 2 turns
  6975 | D:8      | Killed a hornet
  7105 | D:8      | Reached XP level 10. HP: 86/86 MP: 10/10
  7114 | D:8      | Reached skill level 13 in Axes
  7114 | D:8      | Reached *** piety under Trog
  7241 | D:8      | Found a staircase to the Lair.
  7376 | D:8      | Noticed Erica
  7386 | D:8      | Killed Erica
  7387 | D:8      | Reached skill level 14 in Axes
  7689 | Lair:1   | Entered Level 1 of the Lair of Beasts
  7711 | Lair:1   | Reached XP level 11. HP: 65/95 MP: 11/11
  7728 | Lair:1   | Reached skill level 15 in Axes
  7802 | Lair:1   | Reached **** piety under Trog
  7879 | Lair:1   | Slain by a cane toad

Illustrated notes

Levels and vault maps discovered:
D:1:      dpeg_arrival_pits, layout_rooms, kennysheep_doodads,
          chequers_serial_rivers_marsh, st_stairs_11
D:2:      layout_basic, basic_altar
D:3:      layout_basic, general_overflow_altar,
          nicolae_yredelemnul_corpse_copse, minmay_stone_trees_small, uniq_ijyb
D:4:      nicolae_cairo_tiling_very_big, layout_basic,
          grunt_temple_overflow_diamond, minmay_temple_entry_from_below_a,
          kennysheep_minor_cross
D:5:      layout_basic, kennysheep_mini_moat
D:6:      layout_gridville
D:7:      hellmonk_destroyed_diamonds, layout_loops_ring, serial_shops,
          nicolae_square_shop, shop, nicolae_shop_crystal,
          dreamdust_princess_bridge, hangedman_decor_push
D:8:      layout_basic, minmay_lair_entry_grove, minmay_misc_feat_tiny,
          grunt_ogre_cave, uniq_erica
Lair:1:   layout_chaotic_city, beast_lair_carwin_3, grunt_megastairs_3

Skill      XL: |  1  2  3  4  5  6  7  8  9 10 11 |
---------------+----------------------------------+-----
Axes           | 3 5 6 7 10 12 14 15 | 15.4
Fighting       | 4 5 7 8 9 |  9.6
Shields        | 4 5 6 7 |  7.4
Armour         | 4 5 6 7 |  7.0
Dodging        | 1 2 3 4 |  4.5
Stealth        | 1 |  1.7

Action                     |  1- 3 |  4- 6 |  7- 9 | 10-12 || total
---------------------------+-------+-------+-------+-------++-------
  Melee: War axe           |   100 |   160 |   265 |   149 ||   674
    Use: Scroll            |       |     6 |     7 |     6 ||    19
         Potion            |       |       |       |     2 ||     2
   Stab: Distracted        |       |       |     1 |     1 ||     2
 Armour: Scale mail        |    39 |     5 |       |       ||    44
         Ring mail         |       |    35 |    73 |    35 ||   143
  Dodge: Dodged            |    64 |   117 |   161 |   110 ||   452
  Block: Buckler           |    35 |    46 |    65 |    55 ||   201

Table legend: (Time is in decaauts)
 A = Elapsed time spent in this place.
 B = Non-inter-level travel time spent in this place.
 C = Inter-level travel time spent in this place.
 D = Time resting spent in this place.
 E = Time spent auto-exploring this place.
 F = Levels seen in this place.
 G = Mean time per level.
                   A        B        C        D        E       F      G
               +--------+--------+--------+--------+--------+-----+--------+
         Total |   7942 |   7295 |    647 |    500 |   4867 |   9 |  882.4 |
       Dungeon |   7770 |   7133 |    637 |    500 |   4856 |   8 |  971.2 |
          Lair |    172 |    162 |     10 |      0 |     11 |   1 |  172.0 |
               +--------+--------+--------+--------+--------+-----+--------+

Top non-repeatable levels by time:
     D:7: 1484 daAuts
     D:4: 1206 daAuts
     D:5: 926 daAuts
     D:1: 923 daAuts
     D:8: 901 daAuts
     D:3: 839 daAuts
     D:6: 792 daAuts
     D:2: 695 daAuts
  Lair:1: 172 daAuts
